 Dungeon Crawl Stone Soup version 0.28.0-53-g5a82cb258f (webtiles) character file.

Game seed: 7881785542746646939

125 niceeffort the Skirmisher (level 5, 20/69 HPs)
             Began as a Hill Orc Fighter on May 27, 2022.
             Quit the game on level 4 of the Dungeon.
             The game lasted 00:27:08 (1463 turns).

niceeffort the Skirmisher (Hill Orc Fighter)        Turns: 1463, Time: 00:27:08

Health: 20/69      AC: 22    Str: 21    XL:     5   Next: 9%
Magic:  5/5        EV:  2    Int:  8    God:
Gold:   48         SH:  4    Dex: 10    Spells: 4/4 levels left

rFire   . . .      SeeInvis +   a - +0 rapier
rCold   . . .      Faith    .   c - +0 buckler
rNeg    . . .      Spirit   .   (armour currently unavailable)
rPois   +          Reflect  .   (helmet currently unavailable)
rElec   .          Harm     .   (cloak currently unavailable)
rCorr   .          Rampage  .   (gloves currently unavailable)
Will    .....      NoTele   +   (boots currently unavailable)
Stlth   +.........              (no amulet)
HPRegen 0.21/turn               k - ring of see invisible
MPRegen 0.09/turn               (no ring)

@: tree-form
A: stationary, stasis, torment immunity, boosted hp
a: no special abilities


You were on level 4 of the Dungeon.
You were a tree.
You visited 1 branch of the dungeon, and saw 3 of its levels.

You collected 48 gold pieces.

Inventory:

Hand Weapons
 a - a +0 rapier (weapon)
 f - a +0 whip
 h - a +0 hand axe
 j - a +0 dagger
 m - a +0 whip
 n - a +0 club
 o - a +0 dagger
Missiles
 g - 24 stones (quivered)
 i - 16 sling bullets
Armour
 b - a +0 scale mail (melded)
 c - a +0 buckler (worn)
 d - a +1 helmet (melded)
Jewellery
 k - a ring of see invisible (left branch)
Scrolls
 p - a scroll of teleportation
Potions
 l - 2 potions of magic
 q - a potion of lignification


   Skills:
 + Level 4.3 Fighting
 + Level 3.5 Short Blades
 + Level 3.9 Armour
 + Level 0.5 Dodging
 + Level 4.0 Shields


You had 4 spell levels left.
You didn't know any spells.
Your spell library contained the following spells:

 Spells                   Type           Power      Damage    Failure   Level
 Freeze                   Ice            0%         1d3       50%         1
 Frozen Ramparts          Ice            0%         1d2       86%         3
 Hailstorm                Conj/Ice       0%         3d3       99%         4


Dungeon Overview and Level Annotations

Branches:
Dungeon (2/15)

Altars:


Message History

You cannot move.
You cannot move.
You cannot move.
You cannot move.
You cannot move.
You cannot move.
You cannot move.
You cannot move.
You cannot move.
You cannot move.
You cannot move.
You cannot move.
You cannot move.
You cannot move.
You cannot move.
You cannot move.
You cannot move.
You cannot move.
You're standing in a cloud of flame!
You're standing in a cloud of flame!
You're standing in a cloud of flame!
You're standing in a cloud of flame!
You're standing in a cloud of flame!
You cannot move.
You cannot move.
You cannot move.
You cannot move.
You cannot move.
You cannot move.
You cannot move.
You cannot move.
You cannot move.
You're standing in a cloud of flame!
You cannot teleport because you are held in place by your roots.
You cannot teleport because you are held in place by your roots.
Your magic is already full.
Really quaff the potion of lignification?
You are stuck in your current form!
Unknown command.
Are you sure you want to abandon this character and quit the game? (Confirm with "yes".)

...#..* #.............#,+,,,+,*,,
..,#..*##...........#+*,*****,*+*
,,*...*#............#,,,,,*,,,,,*
**##.,#.#.......##+##,,,,,+,,,,,*
,,,,,..##.......#...#,,,,,*,,,,,*
,,,......#....#'#...#+#,*****,*+*
,,..###....####.......#,+,,,+,*,,
,,.,,*###...>.###...###**,,,*****
,,,,,,**#......§♣...+,*,,,,,,,*,+
,,,,,,,,......§○#####,*+*,,,*+*,*
,,,,,,,##.##(.§§.,*,,,,,*,,,*,,,,
,,,,,,,,,.........+,,,,,**+**,,,,
,,***,,,..........#,,,,,*,,,*,,,,
,,,***,,..........#**,*+*,,,*+*,*
,,,,,**,...........,+,*,,,,,,,*,+
,**,,,*,.......####.*****,,,*****
****,,,,,,,,,,,** **,,,,+,,,+,*,,


There were no monsters in sight!

Vanquished Creatures
  A scorpion (D:4)
  A gnoll (D:1)
  2 adders
  An ufetubus (D:4)
  2 worms (D:2)
  An endoplasm (D:2)
  3 giant cockroaches
  5 hobgoblins
  A kobold (D:2)
  2 quokkas (D:2)
  4 ball pythons
  2 frilled lizards (D:1)
  6 goblins
  A rat (D:1)
32 creatures vanquished.

Notes
Turn   | Place    | Note
-------+----------+-------------------------------------------
     0 | D:1      | niceeffort the Hill Orc Fighter began the quest for the
                  | Orb.
     0 | D:1      | Reached XP level 1. HP: 19/19 MP: 1/1
   100 | D:1      | Reached XP level 2. HP: 20/27 MP: 2/2
   400 | D:1      | Reached XP level 3. HP: 27/33 MP: 3/3
  1284 | D:2      | You fall into a shaft and drop 2 floors!
  1325 | D:4      | Reached XP level 4. HP: 38/40 MP: 4/4
  1432 | D:4      | Noticed a scorpion
  1449 | D:4      | Killed a scorpion
  1450 | D:4      | Reached XP level 5. HP: 46/46 MP: 5/5
  1463 | D:4      | Quit the game

Illustrated notes

Levels and vault maps discovered:
D:1:      minmay_arrival_loop, layout_loops_ring,
          minmay_misc_feat_secret_circle, minmay_ruptured
D:2:      layout_loops_cross, basic_altar, minmay_large_rounded_square
D:4:      nicolae_cairo_tiling_large, layout_layer_cave,
          nicolae_wu_jian_wuxing_cycle, overflow_temple_1_default, serial_shops,
          shop

Skill      XL: |  1  2  3  4 |
---------------+-------------+-----
Fighting       | 4 |  4.3
Short Blades   | 3 |  3.5
Shields        | 4 |  4.0
Armour         | |  3.9
Dodging        | |  0.5

Action                   |  1- 3 |  4- 6 || total
-------------------------+-------+-------++-------
Melee: Rapier            |    87 |    16 ||   103
  Use: Potion            |     1 |     2 ||     3
       Scroll            |     2 |     2 ||     4
Armor: Scale mail        |    41 |     6 ||    47
       Skin              |       |    25 ||    25
Dodge: Dodged            |    29 |    14 ||    43
Block: Buckler           |    14 |     9 ||    23
